AoeStats
← Pagliacci

Fortress

510423825Analyzed
1v1 RM · 9h ago on Sep 30, 2026· 42m 22s· 2 players
Game mode
Random Map
Map size
Small (3 player)
Population
200
Speed
Normal
Resources
Standard
Victory
Conquest
Starting age
Dark Age
Ending age
Imperial Age
RankedLock teamsTeams togetherTeam positionsShared explorationLock speedFull tech treeHidden civsTurbo modeCheats
Victory
Defeat
🇺🇸 Danes · United States
1395
+15
🇺🇸 Japanese · United States
1368
-15
Chicken Paprikash
7:15 Feudal Age
11:34 Castle Age
9:34 Double-Bit Axe
9:50 Horse Collar
12:42 Bow Saw
14:46 Town Watch
15:24 Loom
18:44 Fletching
19:31 Scale Mail Armor
19:42 Gold Mining
20:32 Heavy Plow
21:10 Devotion
21:55 Wheelbarrow
21:32 Crossbowman
23:01 Gold Shaft Mining
23:07 Bodkin Arrow
24:03 Ballistics
27:47 Imperial Age
25:42 Thumb Ring
26:06 Yasama
26:09 Padded Archer Armor
26:01 Guard Tower
27:48 Capped Ram
27:49 Arbalester
29:00 Conscription
29:02 Bracer
29:41 Siege Engineers
30:37 Chemistry
32:00 Leather Archer Armor
33:24 Ring Archer Armor
35:52 Kataparuto
Pagliacci
7:17 Feudal Age
11:15 Castle Age
9:12 Horse Collar
9:44 Double-Bit Axe
9:40 Man-at-Arms
12:41 Wheelbarrow
13:45 Loom
15:43 Scale Mail Armor
17:49 Town Watch
19:02 Bow Saw
26:33 Gold Mining
29:44 Imperial Age
27:30 Squires
27:16 Arson
27:16 Hamask
28:01 Long Swordsman
28:26 Gambesons
29:00 Heavy Plow
29:55 Forging
29:46 Scale Mail Armor
30:43 Ballistics
30:40 Hand Cart
30:02 Two-Handed Swordsman
31:46 Iron Casting
31:33 Chain Mail Armor
31:40 Onager
33:43 Champion
35:00 Plate Mail Armor
36:53 Siege Onager
38:08 Siege Engineers
39:39 Northmen's Fury
40:39 Conscription
42:35 Blast Furnace
42:16 Capped Ram
Connection lost

Rejoining the realm…

Still unreachable

The connection could not be restored.

Session expired

The server has moved on; the page needs a fresh start.